 Dungeon Crawl Stone Soup version 0.29-a0-207-gf982a884d8 (webtiles) character file.

Game seed: 14249251059076862817

308 cyrus the Covered (level 6, -1/53 HPs)
             Began as a Hill Orc Fighter on Feb 22, 2022.
             Succumbed to a scorpion's poison
             ... on level 4 of the Dungeon on Feb 23, 2022.
             The game lasted 00:10:21 (5201 turns).

cyrus the Covered (Hill Orc Fighter)                Turns: 5201, Time: 00:10:21

Health: -1/53      AC:  9    Str: 19    XL:     6   Next: 40%
Magic:  6/6        EV:  9    Int: 10    God:
Gold:   174        SH:  4    Dex: 10    Spells: 5/5 levels left

rFire   . . .      SeeInvis .   i - +3 spear
rCold   . . .      Faith    .   c - +0 buckler
rNeg    . . .      Spirit   .   b - +0 scale mail
rPois   .          Reflect  .   (no helmet)
rElec   .          Harm     .   (no cloak)
rCorr   .          Rampage  +   (no gloves)
Will    .....                   k - +1 pair of boots {rampage}
Stlth   ..........              (no amulet)
HPRegen 0.17/turn               (no ring)
MPRegen 0.10/turn               (no ring)

@: lethally poisoned (-1 -> -10)
A: no striking features
a: no special abilities


You were on level 4 of the Dungeon.
You visited 1 branch of the dungeon, and saw 4 of its levels.

You collected 174 gold pieces.

Inventory:

Hand Weapons
 a - a +0 war axe
 i - a +3 spear (weapon)
Armour
 b - a +0 scale mail (worn)
 c - a +0 buckler (worn)
 k - a +1 pair of boots of rampaging (worn)
Scrolls
 e - 4 scrolls of fog {unknown}
 f - a scroll of teleportation {unknown}
 h - a scroll of immolation {unknown}
 j - 4 scrolls of identify {unknown}
 l - a scroll of vulnerability {unknown}
 n - a scroll of amnesia {unknown}
 r - a scroll of enchant armour {unknown}
Potions
 d - a potion of degeneration {unknown}
 g - 2 potions of mutation {unknown}
 m - a potion of curing {unknown}
 o - a potion of cancellation {unknown}
 p - a potion of heal wounds {unknown}
 q - a potion of lignification {unknown}


   Skills:
 + Level 4.5 Fighting
 + Level 3.5(4.2) Axes
 + Level 2.9(3.5) Polearms
 + Level 5.0 Armour
 + Level 1.2 Dodging
 + Level 0.5 Stealth
 + Level 4.0 Shields


You had 5 spell levels left.
You didn't know any spells.
Your spell library contained the following spells:

 Spells                   Type           Power      Damage    Failure   Level
 Sandblast                Erth           0%         2d4       80%         1
 Passwall                 Tmut/Erth      0%         N/A       91%         2
 Stone Arrow              Conj/Erth      0%         3d7       99%         3


Dungeon Overview and Level Annotations

Branches:
Dungeon (4/15)
 Temple: D:4-7

Altars:
Hepliaklqana
Okawaru
Zin

Shops:
D:3 *


Message History

A scorpion comes into view.
The endoplasm freezes you.
You are frozen.
You hit the endoplasm but do no damage. The endoplasm freezes you.
You are frozen.
You completely miss the endoplasm. The endoplasm freezes you.
You are frozen.
You puncture the endoplasm!
You kill the endoplasm!
The scorpion completely misses you. The scorpion stings you. x2
You hit the scorpion but do no damage. The scorpion stings you.
You are poisoned.
The scorpion poisons you!
You completely miss the scorpion.
You feel very sick. The scorpion barely misses you.
You closely miss the scorpion.
You feel sick. You block the scorpion's attack.
You hit the scorpion.
The scorpion is lightly wounded.
You feel sick. The scorpion stings you.
You completely miss the scorpion.
The scorpion is lightly wounded.
You feel sick. The scorpion stings you.
* * * LOW HITPOINT WARNING * * *
You hit the scorpion but do no damage.
The scorpion is lightly wounded.
You feel sick. The scorpion barely misses you.
You feel sick. The scorpion stings you!
* * * LOW HITPOINT WARNING * * *
You are lethally poisoned!
The scorpion poisons you!
* * * LOW HITPOINT WARNING * * *
You feel very sick. The scorpion barely misses you.
* * * LOW HITPOINT WARNING * * *
You feel sick.
You die...

#........ #.......#
#...... .........
#...... ........#
#...... ....... ##.....
..... ##....
...####..###### ###.#.#
...........>..####...#.#
#@.............#..
###.................
#..s..###........###
..###.#.######.#####....
....<........#.....#####
..#..........#####...#
#..........# ..
#..........#
#..........#


You could see a scorpion.

Vanquished Creatures
  A sky beast (D:4)
  Natasha (thrice) (D:2)
  An orc wizard (D:3)
  5 adders
  4 orcs (D:3)
  11 endoplasms
  6 giant cockroaches
  4 goblins
  2 hobgoblins
  2 quokkas (D:1)
  5 ball pythons
  5 bats
  A frilled lizard (D:3)
  9 kobolds
  6 rats
65 creatures vanquished.

Notes
Turn   | Place    | Note
-------+----------+-------------------------------------------
     0 | D:1      | cyrus the Hill Orc Fighter began the quest for the Orb.
     0 | D:1      | Reached XP level 1. HP: 19/19 MP: 1/1
   530 | D:1      | Reached XP level 2. HP: 25/27 MP: 2/2
  1276 | D:2      | Upgraded the game from 0.29-a0-194-g6e3aafee17 to
                  | 0.29-a0-207-gf982a884d8
  1276 | D:2      | Reached XP level 3. HP: 33/33 MP: 3/3
  1300 | D:2      | Found an iron altar of Okawaru.
  1303 | D:2      | Noticed Natasha
  1317 | D:2      | Killed Natasha
  1318 | D:2      | Reached skill level 1 in Polearms
  1318 | D:2      | Reached skill level 4 in Armour
  1318 | D:2      | Reached XP level 4. HP: 31/40 MP: 4/4
  1735 | D:2      | Noticed Natasha
  1751 | D:2      | Killed Natasha
  2204 | D:2      | Noticed Natasha
  2213 | D:2      | Killed Natasha
  2214 | D:2      | Reached XP level 5. HP: 33/46 MP: 5/5
  3402 | D:3      | Found Zin's Purification Station.
  3406 | D:3      | Found a glowing silver altar of Zin.
  3507 | D:3      | Reached skill level 1 in Dodging
  4128 | D:3      | Found a hazy altar of Hepliaklqana.
  4553 | D:4      | Noticed a sky beast
  4573 | D:4      | Killed a sky beast
  4574 | D:4      | Reached skill level 5 in Armour
  4574 | D:4      | Reached XP level 6. HP: 5/53 MP: 6/6
  5199 | D:4      | HP: 2/53 [poisoned by a scorpion]
  5201 | D:4      | Succumbed to a scorpion's poison

Illustrated notes

Levels and vault maps discovered:
D:1:      psy_arrival_fountain, layout_basic, hex_tiny
D:2:      layout_loops_ring, basic_altar, st_stairs_8, minmay_tromino_i2,
          uniq_natasha
D:3:      layout_basic, zin_purify, worldfamousw_hep_ancestral_shrine,
          kennysheep_generic_room_8
D:4:      layout_rooms, demons_altar, minmay_temple_entry_statues_pillars,
          serial_shops, nicolae_shop_advertising_works
          [nicolae_subvault_shop_adworks], uniq_blork_the_orc

Skill      XL: |  1  2  3  4  5 |
---------------+----------------+-----
Axes           | 3 |  3.5
Fighting       | 4 |  4.5
Polearms       | 1 2 |  2.9
Armour         | 4 5 |  5.0
Dodging        | 1 |  1.2
Shields        | 4 |  4.0
Stealth        | |  0.5

Action                   |  1- 3 |  4- 6 || total
-------------------------+-------+-------++-------
Melee: War axe           |    66 |       ||    66
       Spear             |    29 |   143 ||   172
Evoke: Wand              |       |     2 ||     2
  Use: Potion            |       |     1 ||     1
Armor: Scale mail        |    71 |    77 ||   148
Dodge: Dodged            |    60 |    63 ||   123
Block: Buckler           |    31 |    35 ||    66

Table legend: (Time is in decaauts)
 A = Elapsed time spent in this place.
 B = Non-inter-level travel time spent in this place.
 C = Inter-level travel time spent in this place.
 D = Time resting spent in this place.
 E = Time spent auto-exploring this place.
 F = Levels seen in this place.
 G = Mean time per level.
                   A        B        C        D        E       F      G
               +--------+--------+--------+--------+--------+-----+--------+
         Total |   5238 |   5070 |    168 |   2373 |   1922 |   4 | 1309.5 |
       Dungeon |   5238 |   5070 |    168 |   2373 |   1922 |   4 | 1309.5 |
               +--------+--------+--------+--------+--------+-----+--------+

Top non-repeatable levels by time:
     D:2: 2149 daAuts
     D:1: 1258 daAuts
     D:3: 1156 daAuts
     D:4: 674 daAuts
